 Dungeon Crawl Stone Soup version 0.20-a0-1036-g4d371cd (webtiles) character file.

1303 Benediktae the Covert (level 8, 0/37 HPs)
             Began as a Spriggan Enchanter on Apr 22, 2017.
             Was a Follower of Dithmenos.
             Succumbed to a water moccasin's poison
             ... on level 6 of the Dungeon.
             The game lasted 00:17:01 (9301 turns).

Benediktae the Covert (Spriggan Enchanter)          Turns: 9301, Time: 00:17:01

Health: 0/37       AC:  4    Str: 10    XL:     8   Next: 31%
Magic:  16/16      EV: 19    Int: 18    God:    Dithmenos [*.....]
Gold:   281        SH:  4    Dex: 16    Spells: 5/17 levels left

rFire    + . .     SeeInvis +   p - +0 short sword (venom)
rCold    . . .     Gourm    .   (shield restricted)
rNeg     . . .     Faith    .   e - +2 robe {MR+}
rPois    .         Spirit   .   (helmet restricted)
rElec    .         Reflect  +   (no cloak)
rCorr    .         Harm     .   (gloves unavailable)
MR       ++...                  (boots unavailable)
Stlth    ++++++....             v - +4 amulet of reflection (curse)
Regen    0.2/turn               m - ring of protection from fire
MPRegen  0.2/turn               (no ring)

@: mighty, lethally poisoned (0 -> -6), wreathed by umbra, very quick
A: unfitting armour, see invisible, herbivore 3, speed 3, slow metabolism 2
a: Renounce Religion


You were on level 6 of the Dungeon.
You worshipped Dithmenos.
Dithmenos was aware of your devotion.
You were full.

You visited 2 branches of the dungeon, and saw 7 of its levels.

You collected 281 gold pieces.

Inventory:

Hand Weapons
 a - a +2 dagger
 f - a cursed -1 dagger
 k - a +4 short sword
 p - a +0 short sword of venom (weapon)
Armour
 e - a +2 robe of magic resistance (worn)
 r - a +1 buckler of reflection
Jewellery
 m - a ring of protection from fire (left hand)
 v - a cursed +4 amulet of reflection (around neck)
Wands
 j - a wand of clouds (0/9)
 l - a wand of digging (17/24)
Scrolls
 h - a scroll of fear
 i - a scroll of fog
 o - 2 scrolls of amnesia
 t - a scroll of teleportation
Potions
 g - a potion of brilliance
Books
 c - a book of Maledictions

   Spells                             Type                      Level
   a - Corona                         Hexes                        1
   b - Ensorcelled Hibernation        Hexes/Ice                    2
   c - Confuse                        Hexes                        3
   d - Tukima's Dance                 Hexes                        3
   e - Dazzling Spray                 Conjuration/Hexes            3
Comestibles
 d - a bread ration


   Skills:
 + Level 0.4 Fighting
 + Level 1.9 Short Blades
 + Level 3.4 Dodging
 + Level 13.0 Stealth
 + Level 5.2 Spellcasting
 + Level 5.9 Hexes


You had 5 spell levels left.
You knew the following spells:

 Your Spells              Type           Power        Failure   Level  Hunger
a - Ensorcelled Hibernat  Hex/Ice        ###...       6%          2    #......
b - Corona                Hex            ####...      1%          1    None
c - Confuse               Hex            ####....     3%          3    ##.....
d - Tukima's Dance        Hex            ####....     3%          3    ##.....
e - Dazzling Spray        Conj/Hex       ###...       12%         3    ##.....


Dungeon Overview and Level Annotations

Branches:
Dungeon (6/15)             Temple (1/1) D:4

Altars:
Ashenzari
Dithmenos
Elyvilon
Fedhas
Hepliaklqana
Kikubaaqudgha
Makhleb
Nemelex Xobeh
Okawaru
Qazlal
Ru
Sif Muna
Trog
Vehumet
Wu Jian
Xom
Yredelemnul
Zin
The Shining One


Innate Abilities, Weirdness & Mutations

You are very small and have problems with some larger weapons.
You are too small for most types of armour.
You have supernaturally acute eyesight. (SInv)
You are a herbivore.
You cover ground extremely quickly.
You need consume almost no food.


Message History

You feel sick.
* * * LOW HITPOINT WARNING * * *
You feel sick.
Your surroundings suddenly seem different.
Found 21 sling bullets.
Magic courses through your body.
* * * LOW HITPOINT WARNING * * *
You feel sick.
You feel very mighty all of a sudden.
* * * LOW HITPOINT WARNING * * *
You feel sick.
Okay, then.
Unknown command.
Unknown command.
* * * LOW HITPOINT WARNING * * *
You feel sick.
* * * LOW HITPOINT WARNING * * *
You feel sick.
Found a war axe.
You die...

....... .......
######### .......
........# .......
........###.......
........#.........
........#.#.......
..........@.......
.......(.#)###....
...........# .
........####
........#
.........
......... .......


There were no monsters in sight!

Vanquished Creatures
  Sigmund (D:5)
  2 sky beasts (D:5)
  2 ogres
  A phantom (D:5)
  2 scorpions (D:5)
  A howler monkey (D:4)
  3 bullfrog skeletons
  An orc priest (D:5)
  An orc wizard (D:5)
  Jessica (D:2)
  4 worker ants (D:4)
  2 hound skeletons
  2 worker ant zombies (D:5)
  12 adders
  3 gnolls (D:5)
  A shadow imp (D:5)
  A worm (D:4)
  3 dart slugs
  A leopard gecko (D:5)
  13 orcs
  A ball python (D:3)
  5 giant cockroaches
  6 goblins
  6 hobgoblins
  4 quokkas
  10 bats
  8 frilled lizards
  2 jackal skeletons
  8 kobolds
  A quokka skeleton (D:5)
  9 rats
117 creatures vanquished.

Vanquished Creatures (collateral kills)
  A gnoll (D:5)
1 creature vanquished.

Grand Total: 118 creatures vanquished

Notes
Turn   | Place    | Note
-------+----------+-------------------------------------------
     0 | D:1      | Benediktae the Spriggan Enchanter began the quest for the Orb.
     0 | D:1      | Reached XP level 1. HP: 9/9 MP: 5/5
     1 | D:1      | Found a sparkling altar of Nemelex Xobeh.
   520 | D:1      | Reached XP level 2. HP: 13/13 MP: 5/7
   524 | D:1      | Learned a level 2 spell: Ensorcelled Hibernation
  1445 | D:2      | Reached XP level 3. HP: 7/16 MP: 1/9
  1713 | D:2      | Learned a level 3 spell: Confuse
  1717 | D:2      | Learned a level 3 spell: Tukima's Dance
  1935 | D:2      | Found a blossoming altar of Fedhas.
  1948 | D:2      | Noticed Jessica
  1976 | D:2      | Killed Jessica
  1976 | D:2      | Reached XP level 4. HP: 17/21 MP: 0/11
  2470 | D:2      | Reached skill level 5 in Hexes
  3613 | D:3      | Found a radiant altar of Vehumet.
  3630 | D:3      | Learned a level 3 spell: Dazzling Spray
  4017 | D:3      | Reached XP level 5. HP: 24/24 MP: 13/13
  4353 | D:4      | Found a staircase to the Ecumenical Temple.
  4354 | D:4      | Reached skill level 5 in Stealth
  4381 | Temple   | Entered the Ecumenical Temple
  4473 | Temple   | Became a worshipper of Dithmenos the Shadowed
  5021 | D:4      | Reached skill level 6 in Stealth
  5079 | D:4      | Noticed an ogre
  5109 | D:4      | Killed an ogre
  5109 | D:4      | Reached skill level 7 in Stealth
  5109 | D:4      | Reached XP level 6. HP: 6/28 MP: 2/14
  6042 | D:4      | Reached skill level 8 in Stealth
  6590 | D:5      | Entered Level 5 of the Dungeon
  6604 | D:5      | Reached skill level 9 in Stealth
  6769 | D:5      | Reached XP level 7. HP: 17/32 MP: 10/15
  7067 | D:5      | Reached skill level 10 in Stealth
  7848 | D:5      | Reached skill level 11 in Stealth
  8422 | D:5      | Reached skill level 12 in Stealth
  8435 | D:5      | Noticed Sigmund
  8447 | D:5      | Killed Sigmund
  8447 | D:5      | Reached XP level 8. HP: 36/36 MP: 10/16
  8550 | D:5      | Reached * piety under Dithmenos
  8656 | D:5      | Reached skill level 5 in Spellcasting
  9070 | D:5      | Reached skill level 13 in Stealth
  9298 | D:6      | HP: 1/37 [poisoned by a water moccasin]
  9301 | D:6      | Succumbed to a water moccasin's poison

Vault maps used:
D:1:      dpeg_arrival_tiny_d, nemelex_xobeh_ov_fountains_minmay
D:2:      overflow_temple_1_default, first_bread, uniq_jessica
D:3:      fiery_altar_vehumet
D:4:      temple_pool_b
D:5:      uniq_sigmund
D:6:      eat_drink_and_be_merry_uskayaw, grunt_gozag_statues,
          grunt_ministairs_12, minmay_crystal_room
Temple:   minmay_temple_bridge_d

Skill      XL: |  1  2  3  4  5  6  7  8 |
---------------+-------------------------+-----
Hexes          | 4 5 |  5.9
Spellcasting   | 3 4 5 |  5.2
Stealth        | 7 9 12 13 | 13.0
Fighting       | |  0.4
Short Blades   | |  1.9
Dodging        | |  3.4

Action                   |  1- 3 |  4- 6 |  7- 9 || total
-------------------------+-------+-------+-------++-------
Melee: Dagger            |    93 |    85 |       ||   178
       Short sword       |       |    47 |   172 ||   219
 Cast: Corona            |     4 |       |       ||     4
       Ensorcelled Hiber |    26 |    43 |     8 ||    77
       Confuse           |       |       |    16 ||    16
       Dazzling Spray    |       |       |     3 ||     3
       Tukima's Dance    |       |       |     2 ||     2
Evoke: Wand              |       |     2 |       ||     2
  Use: Scroll            |     3 |     8 |     7 ||    18
       Potion            |     2 |       |     6 ||     8
 Stab: Sleeping          |    18 |    37 |    12 ||    67
       Distracted        |       |     1 |     1 ||     2
       Confused          |       |       |    10 ||    10
       Invisible         |       |       |     1 ||     1
  Eat: Royal jelly       |       |     1 |       ||     1
       Bread ration      |       |     1 |     1 ||     2
Armor: Robe              |    10 |    15 |    13 ||    38
Dodge: Dodged            |    77 |    83 |   143 ||   303
Block: Other             |       |       |    20 ||    20
